AoeStats
← Косипоша

Fortress

509147061Analyzed
3v3 RM · 7d ago on Sep 25, 2026· 32m 28s· 6 players
Game mode
Random Map
Map size
Large (8 player)
Population
200
Speed
Normal
Resources
Standard
Victory
Conquest
Starting age
Dark Age
Ending age
Imperial Age
RankedLock teamsTeams togetherTeam positionsShared explorationLock speedFull tech treeHidden civsTurbo modeCheats
Victory
Defeat
🇷🇺 Italians · Russia
972
+9
🇷🇺 Wei · Russia
874
+12
🇮🇪 Dravidians · Ireland
724
+18
🇩🇰 Maya · Denmark
821
-14
🇮🇪 Saxons · Ireland
819
-14
🇨🇿 Mongols · Czechia
743
-11
Brabus88
1:01 Loom
8:13 Feudal Age
11:45 Horse Collar
11:53 Double-Bit Axe
18:40 Castle Age
17:23 Wheelbarrow
19:36 Heavy Plow
20:41 Wheelbarrow
20:43 Bow Saw
22:11 Stone Mining
22:12 Gold Mining
23:36 Stone Shaft Mining
26:38 Hand Cart
26:44 Hand Cart
33:31 Imperial Age
31:38 Squires
31:24 Arson
32:43 Forging
32:34 Scale Mail Armor
Blitzo
2:47 Loom
7:51 Feudal Age
8:15 Horse Collar
8:23 Double-Bit Axe
12:58 Gold Mining
15:52 Castle Age
14:28 Wheelbarrow
14:04 Fletching
17:29 Bow Saw
18:56 Padded Archer Armor
18:51 Bodkin Arrow
19:07 Husbandry
19:43 Thumb Ring
19:51 Bloodlines
20:40 Town Watch
22:55 Ballistics
30:20 Stone Mining
CHIKN9476
0:53 Loom
10:18 Feudal Age
12:44 Town Watch
13:37 Wheelbarrow
12:55 Arson
13:27 Horse Collar
13:33 Double-Bit Axe
16:40 Bloodlines
17:09 Forging
17:01 Scale Mail Armor
16:52 Fletching
17:03 Padded Archer Armor
17:09 Scale Barding Armor
20:13 Castle Age
19:31 Stone Mining
19:33 Gold Mining
19:39 Gold Mining
24:07 Chain Mail Armor
23:48 Bodkin Arrow
24:26 Thumb Ring
26:50 Iron Casting
30:04 Leather Archer Armor
Косипоша
8:27 Feudal Age
9:39 Double-Bit Axe
12:22 Wheelbarrow
16:54 Castle Age
18:02 Scale Barding Armor
17:58 Padded Archer Armor
17:49 Fletching
18:28 Thumb Ring
18:28 Husbandry
17:51 Light Cavalry
20:19 Chain Barding Armor
20:15 Leather Archer Armor
22:03 Gold Mining
22:31 Bow Saw
27:22 Medical Corps
30:10 Imperial Age
30:01 Bodkin Arrow
32:16 Elite Elephant Archer
Zalypuch
0:43 Loom
10:11 Feudal Age
10:43 Double-Bit Axe
10:40 Horse Collar
13:54 Fletching
14:04 Padded Archer Armor
17:25 Castle Age
15:57 Forging
18:18 Bow Saw
18:11 Heavy Plow
17:37 Crossbowman
19:57 Bodkin Arrow
22:13 Ballistics
23:18 Elite Skirmisher
24:32 Gold Mining
25:39 Wheelbarrow
27:23 Stone Mining
27:50 Leather Archer Armor
29:40 Stone Shaft Mining
29:38 Hand Cart
TurkishKarpet
8:21 Feudal Age
9:12 Double-Bit Axe
12:00 Castle Age
9:55 Horse Collar
12:09 Bloodlines
12:08 Scale Barding Armor
13:01 Bow Saw
13:12 Heavy Plow
13:38 Gold Mining
17:41 Loom
23:09 Wheelbarrow
22:23 Town Watch
22:54 Forging
24:18 Hand Cart
27:20 Gold Shaft Mining
26:52 Husbandry
27:16 Chain Barding Armor
32:50 Imperial Age
Connection lost

Rejoining the realm…

Still unreachable

The connection could not be restored.

Session expired

The server has moved on; the page needs a fresh start.